 Dungeon Crawl Stone Soup version 0.19-a0-1823-g21c7ecd (webtiles) character file.

133 Promi the Slasher (level 5, -4/42 HPs)
             Began as a Human Berserker on Oct 7, 2016.
             Was a Believer of Trog.
             Slain by Sigmund
             ... wielding a +0 scythe
              (6 damage)
             ... on level 3 of the Dungeon.
             The game lasted 00:04:40 (1726 turns).

Promi the Slasher (Human Berserker)                 Turns: 1726, Time: 00:04:41

Health: -4/42      AC:  5    Str: 18    XL:     5   Next: 39%
Magic:  5/5        EV: 12    Int:  8    God:    Trog [**....]
Gold:   69         SH:  0    Dex: 12    Spells: 0 memorised, 4 levels left

rFire  . . .     SeeInvis .     a - +0 falchion
rCold  . . .     Gourm    .     g - +0 ring mail
rNeg   . . .     Faith    .     (no shield)
rPois  .         Spirit   .     (no helmet)
rElec  .         Dismiss  .     (no cloak)
rCorr  .         Reflect  .     (no gloves)
MR     .....     Harm     .     (no boots)
Stlth  +.........               (no amulet)
                                (no ring)
                                (no ring)

@: exhausted, slowed, very slow
A: no striking features
a: Berserk, Trog's Hand, Burn Spellbooks, Renounce Religion


You were on level 3 of the Dungeon.
You worshipped Trog.
Trog was pleased with you.
You were hungry.

You visited 1 branch of the dungeon, and saw 3 of its levels.

You collected 69 gold pieces.

Inventory:

Hand Weapons
 a - a +0 falchion (weapon)
Armour
 d - a +1 chain mail
 g - a +0 ring mail (worn)
Scrolls
 e - 2 scrolls of remove curse
 i - a scroll of identify
Potions
 f - a potion of haste {unknown}
 h - a potion of agility {unknown}
 j - 2 potions of curing
 q - a potion of degeneration {unknown}
 r - a potion of ambrosia {unknown}
Comestibles
 c - 4 bread rations
 p - 3 fruits


   Skills:
 + Level 3.7 Fighting
 + Level 4.0 Long Blades
 + Level 2.8 Armour
 + Level 3.1 Dodging


You had 4 spell levels left.
You didn't know any spells.

Dungeon Overview and Level Annotations

Branches:
Dungeon (3/15)

Altars:

Annotations:
D:3 Sigmund


Message History

You feel the power of Trog in you as your rage grows.
You kill the rat!
Trog accepts your kill. Something hits you.
You feel a strong urge to attack something.
Something hits you but does no damage.
You miss something.
You are no longer berserk.
You are exhausted.
You feel yourself slow down.
You are feeling hungry.
You miss something.
You hear some strange, mumbled words.
A puff of flame appears from out of thin air!
The puff of flame hits you!
You miss something. Something hits you. Something hits you!
You closely miss something. Something hits you!
* * * LOW HITPOINT WARNING * * *
You closely miss something. Something hits you.
You die...

#......................)....#####
++........#.....................#
##........#.....................#
...####+###.....................#
. .. .....................# ..
...........##.......# ..
..#.###.......##.......#
..........######.......#
.....##@#'# #.......#
......{......# #.......#
........!....###.......#
#..#.........#.........#
.............#.........#
............#.........#
.............#.........#
.......#.....#.........#
#...#######


There were no monsters in sight!

Vanquished Creatures
  An orc priest (D:3)
  5 adders (D:2)
  A worm (D:2)
  2 dart slugs
  2 leopard geckos
  6 orcs (D:3)
  2 giant cockroaches
  4 goblins
  6 hobgoblins
  3 kobolds
  A quokka (D:2)
  8 bats
  2 frilled lizards
  3 rats
46 creatures vanquished.

Notes
Turn   | Place    | Note
-------+----------+-------------------------------------------
     0 | D:1      | Promi the Human Berserker began the quest for the Orb.
     0 | D:1      | Reached XP level 1. HP: 18/18 MP: 1/1
   105 | D:1      | Reached XP level 2. HP: 24/24 MP: 2/2
   591 | D:2      | Reached XP level 3. HP: 29/29 MP: 3/3
   706 | D:2      | Reached XP level 4. HP: 35/35 MP: 4/4
  1057 | D:2      | Reached ** piety under Trog
  1429 | D:3      | Reached skill level 4 in Long Blades
  1429 | D:3      | Reached XP level 5. HP: 20/41 MP: 5/5
  1708 | D:3      | Noticed Sigmund
  1725 | D:3      | HP: 2/42 [something (14)]
  1726 | D:3      | Slain by Sigmund

Vault maps used:
D:1:      onia_arrival_pentagram
D:2:      first_bread
D:3:      amethyst_overflow_temple_binary, uniq_sigmund

Skill      XL: |  1  2  3  4 |
---------------+-------------+-----
Long Blades    | 4 |  4.0
Dodging        | 3 |  3.1
Fighting       | |  3.7
Armour         | |  2.8

Action                   |  1- 3 |  4- 6 || total
-------------------------+-------+-------++-------
Melee: Falchion          |    32 |    90 ||   122
Invok: Berserk           |     3 |     4 ||     7
  Use: Scroll            |       |     8 ||     8
 Stab: Sleeping          |     2 |       ||     2
  Eat: Chunk             |     1 |     8 ||     9
Armor: Animal skin       |     2 |       ||     2
       Ring mail         |    16 |    38 ||    54
Dodge: Dodged            |    26 |    56 ||    82
       Rpst.: Falchion   |    14 |    23 ||    37
